 Dungeon Crawl Stone Soup version 0.23.0-3-gf3c87f2 (webtiles) character file.

Game seed: 13176030995415914778

651568 xccam the Tortoise (level 27, -1/217 HPs)
             Began as a Gnoll Wanderer on Feb 19, 2019.
             Was the Champion of Cheibriados.
             Killed from afar by Mnoleg (9 damage)
             ... with a bolt of lightning
             ... while paralysed by a floating eye
             ... in Pandemonium on Feb 20, 2019.
             The game lasted 03:24:32 (58072 turns).

xccam the Tortoise (Gnoll Wanderer)                Turns: 58072, Time: 03:24:33

Health: -1/217     AC: 39    Str: 43      XL:     27
Magic:  43/44      EV: -1    Int: 32 (34) God:    Cheibriados [******]
Gold:   4481       SH:  0    Dex: 32      Spells: 47/61 levels left

rFire    + + +     SeeInvis +   Y - +9 sacred scourge (holy)
rCold    + + +     Gourm    .   z - +0 shield
rNeg     + + .     Faith    .   L - +8 plate armour "Fodoedae" {rF++ rC+ MR++}
rPois    +         Spirit   .   (no helmet)
rElec    +         Reflect  .   T - +1 cloak
rCorr    .         Harm     .   b - +2 pair of gloves
MR       ++++.                  Z - +2 pair of boots "Wopriam" {Str+4}
Stlth    ++........             K - amulet "Cikebioc" {RegenMP rElec Slay+2}
HPRegen  1.46/turn              B - ring of Cifodd {rF+ rC+ Dex-3 SInv}
MPRegen  0.54/turn              i - ring "Binyat" {rPois rC+ rN++ Dex+4 Stlth-}

@: paralysed, regenerating, constricted, very slow
A: distributed training, fangs 1, yellow scales 1, blink, mutation resistance 1,
strong 1, no potion heal 1, strong nose
}: 5/15 runes: decaying, slimy, silver, abyssal, gossamer
a: Blink, Bend Time, Temporal Distortion, Slouch, Step From Time, Renounce
Religion


You were in Pandemonium.
You worshipped Cheibriados.
Cheibriados was exalted by your worship.
You were not hungry.

You visited 9 branches of the dungeon, and saw 49 of its levels.
You visited Pandemonium 1 time, and saw 3 of its levels.
You visited the Abyss 1 time.
You also visited: Gauntlet and Ice Cave.

You collected 7627 gold pieces.
You spent 3146 gold pieces at shops.

Inventory:

Hand Weapons
 c - a +9 vampiric broad axe
 I - the +8 demon blade "Naythr Iwkipt" {vamp, rElec rPois rC- SInv}
   (You took it off a salamander mystic on level 1 of the Depths)

   It inflicts no extra harm, but heals its wielder when it wounds a living foe.
   It makes you vulnerable to cold.
   It insulates you from electricity.
   It protects you from poison.
   It lets you see invisible.
 Y - a +9 sacred scourge of holy wrath (weapon)
Armour
 b - a +2 pair of gloves (worn)
 h - +0 gold dragon scales
 z - a +0 shield (worn)
 L - the +8 plate armour "Fodoedae" (worn) {rF++ rC+ MR++}
   (You found it on level 10 of the Dungeon)

   It greatly protects you from fire.
   It protects you from cold.
   It affects your resistance to hostile enchantments.
 T - a +1 cloak (worn)
 Z - the +2 pair of boots "Wopriam" (worn) {Str+4}
   (You found it on level 5 of the Depths)

   It affects your strength (+4).
Jewellery
 g - an uncursed ring of positive energy
 i - the ring "Binyat" (right hand) {rPois rC+ rN++ Dex+4 Stlth-}
   (You found it on level 6 of the Lair of Beasts)

   [ring of dexterity]

   It affects your dexterity (+4).
   It protects you from cold.
   It protects you from poison.
   It greatly protects you from negative energy.
   It makes you less stealthy.
 n - an uncursed ring of resist corrosion
 u - an uncursed ring of poison resistance
 B - the ring of Cifodd (left hand) {rF+ rC+ Dex-3 SInv}
   (You bought it in a shop on level 1 of the Elven Halls)

   [ring of see invisible]

   It affects your dexterity (-3).
   It protects you from fire.
   It protects you from cold.
   It lets you see invisible.
 K - the amulet "Cikebioc" (around neck) {RegenMP rElec Slay+2}
   (You bought it in a shop on level 1 of the Elven Halls)

   [amulet of magic regeneration]

   It increases your magic regeneration.
   It affects your accuracy and damage with ranged weapons and melee attacks
   (+2).
   It insulates you from electricity.
 M - a cursed ring of ice
 N - the ring of the Evening {-Tele rF++ MR- EV+3 Stlth+}
   (You found it in a Gauntlet)

   [ring of evasion]

   It affects your evasion (+3).
   It greatly protects you from fire.
   It affects your resistance to hostile enchantments.
   It prevents most forms of teleportation.
   It makes you more stealthy.
 U - an uncursed ring of protection from fire
Wands
 a - a wand of clouds (2)
 j - a wand of acid (23)
 y - a wand of disintegration (24)
 E - a wand of scattershot (5)
 R - a wand of iceblast (44)
Scrolls
 d - 23 scrolls of remove curse
 k - 23 scrolls of teleportation
 s - 2 scrolls of acquirement
 w - 6 scrolls of blinking
 A - 8 scrolls of fear
 C - a scroll of summoning
 D - 5 scrolls of fog
 F - 13 scrolls of enchant armour
 J - a scroll of amnesia
 P - 10 scrolls of magic mapping
 S - 21 scrolls of identify
 W - 4 scrolls of brand weapon
Potions
 e - a potion of mutation
 l - 5 potions of resistance
 m - 9 potions of brilliance
 o - 5 potions of heal wounds
 p - 7 potions of lignification
 q - 2 potions of cancellation
 r - 11 potions of curing
 t - 5 potions of might
 v - 4 potions of agility
 x - 4 potions of magic
 G - 6 potions of flight
 H - 5 potions of invisibility
 O - 4 potions of ambrosia
Comestibles
 f - 55 rations


   Skills:
 + Level 17.8 Fighting
 + Level 17.7 Short Blades
 + Level 17.7 Long Blades
 + Level 17.8 Axes
 + Level 17.7 Maces & Flails
 + Level 17.7 Polearms
 + Level 17.7 Staves
 + Level 17.7 Slings
 + Level 18.1 Bows
 + Level 17.7 Crossbows
 + Level 17.7 Throwing
 + Level 19.0 Armour
 + Level 17.7 Dodging
 + Level 17.8 Stealth
 + Level 17.7 Shields
 + Level 17.7 Unarmed Combat
 + Level 17.7 Spellcasting
 + Level 15.2 Conjurations
 + Level 15.2 Hexes
 + Level 15.2 Charms
 + Level 15.2 Summonings
 + Level 15.3 Necromancy
 + Level 15.2 Translocations
 + Level 15.2 Transmutations
 + Level 15.2 Fire Magic
 + Level 15.2 Ice Magic
 + Level 15.2 Air Magic
 + Level 15.2 Earth Magic
 + Level 15.2 Poison Magic
 + Level 19.0 Invocations
 + Level 17.8 Evocations


You had 47 spell levels left.
You knew the following spells:

 Your Spells              Type           Power        Failure   Level  Hunger
a - Regeneration          Chrm/Necr      #######...   1%          3    None
b - Lee's Rapid Deconstr  Erth           #######...   1%          5    None
c - Iron Shot             Conj/Erth      #######...   1%          6    None

Your spell library contained the following spells:

 Spells                   Type           Power        Failure   Level  Hunger
 Animate Skeleton         Necr           N/A          0%          1    None
 Apportation              Tloc           ######       0%          1    None
 Beastly Appendage        Tmut           ######       0%          1    None
 Confusing Touch          Hex            ######       0%          1    None
 Flame Tongue             Conj/Fire      #####        0%          1    None
 Infusion                 Chrm           ####         0%          1    None
 Magic Dart               Conj           ####         0%          1    None
 Sandblast                Erth           ######       0%          1    None
 Sting                    Conj/Pois      ####         0%          1    None
 Summon Small Mammal      Summ           ####         0%          1    None
 Blink                    Tloc           N/A          0%          2    None
 Call Imp                 Summ           #######.     0%          2    None
 Corpse Rot               Necr           N/A          0%          2    None
 Passwall                 Tmut/Erth      #######.     0%          2    None
 Poisonous Vapours        Pois/Air       ######       0%          2    None
 Searing Ray              Conj           ######       0%          2    None
 Shroud of Golubria       Chrm/Tloc      #######...   0%          2    None
 Slow                     Hex            #######.     0%          2    None
 Song of Slaying          Chrm           #######.     0%          2    None
 Sticks to Snakes         Tmut           #######.     0%          2    None
 Sublimation of Blood     Necr           #######...   0%          2    None
 Conjure Flame            Conj/Fire      #######.     1%          3    None
 Dazzling Spray           Conj/Hex       ######       1%          3    None
 Ignite Poison            Fire/Tmut/Pois #######.     1%          3    None
 Mephitic Cloud           Conj/Pois/Air  #######.     1%          3    None
 Spectral Weapon          Hex/Chrm       #######.     1%          3    None
 Spider Form              Tmut/Pois      #######...   1%          3    None
 Static Discharge         Conj/Air       #######.     1%          3    None
 Stone Arrow              Conj/Erth      ######       1%          3    None
 Cause Fear               Hex            #######...   1%          4    None
 Force Lance              Conj/Tloc      #######.     1%          4    None
 Fulminant Prism          Conj/Hex       #######...   1%          4    None
 Ice Form                 Ice/Tmut       #######.     1%          4    None
 Iskenderun's Mystic Bla  Conj           #######.     1%          4    None
 Leda's Liquefaction      Hex/Erth       #######...   1%          4    None
 Olgreb's Toxic Radiance  Pois           #######.     1%          4    None
 Petrify                  Tmut/Erth      #######.     1%          4    None
 Sticky Flame             Conj/Fire      #######.     1%          4    None
 Agony                    Necr           #######.     1%          5    None
 Blade Hands              Tmut           #######...   1%          5    None
 Bolt of Draining         Conj/Necr      #######...   1%          5    None
 Bolt of Magma            Conj/Fire/Erth #######...   1%          5    None
 Dispel Undead            Necr           #######.     1%          5    None
 Excruciating Wounds      Chrm/Necr      #######...   1%          5    None
 Lightning Bolt           Conj/Air       #######...   1%          5    None
 Summon Forest            Summ/Tloc      #######...   1%          5    None
 Venom Bolt               Conj/Pois      #######...   1%          5    None
 Bolt of Fire             Conj/Fire      #######...   1%          6    None
 Freezing Cloud           Conj/Ice/Air   #######...   1%          6    None
 Hydra Form               Tmut           #######...   1%          6    None
 Statue Form              Tmut/Erth      #######..    1%          6    None
 Dragon Form              Tmut           #######...   6%          7    ####...
 Malign Gateway           Summ/Tloc      #######...   6%          7    ####...
 Monstrous Menagerie      Summ           #######...   6%          7    ####...
 Ring of Flames           Chrm/Fire      #######...   6%          7    ####...
 Summon Greater Demon     Summ           #######...   6%          7    ####...
 Summon Hydra             Summ           #######...   6%          7    ####...
 Ignition                 Fire           #######...   43%         8    #####..
 Summon Horrible Things   Summ           #######...   43%         8    #####..
 Dragon's Call            Summ           #######...   100%        9    #######
 Shatter                  Erth           #######...   100%        9    #######
 Tornado                  Air            #######...   100%        9    #######


Dungeon Overview and Level Annotations

Branches:
Dungeon (15/15)            Temple (0/1) D:7            Lair (6/6) D:9
  Swamp (4/4) Lair:2       Spider (4/4) Lair:2        Slime (5/5) Lair:5
    Orc (2/2) D:11            Elf (3/3) Orc:2        Vaults (5/5) D:14
  Crypt (0/3) Vaults:3     Depths (5/5) D:15            Zot (0/5) Depths:5

Altars:
Cheibriados
Elyvilon
Gozag
Nemelex Xobeh
Okawaru
Qazlal
Ru
Sif Muna
Uskayaw
Zin
The Shining One
Jiyva

Shops:
D:4 (}   D:8 %   D:15 ?   Orc:2 **??   Elf:1 =}=(   Vaults:3 [
Vaults:5 *}**}%%!   Depths:1 [?   Depths:3 %

Portals:
Hell: Depths:1 Depths:2 Depths:3 Depths:4 Depths:5
Abyss: Depths:2 Depths:4
Pandemonium: Depths:3
Ziggurat: Depths:3

Annotations:
D:3 2 transporters
D:4 1 runed translucent door
Depths:1 exclusion: orange crystal statue
Pan Mnoleg


Innate Abilities, Weirdness & Mutations

Your experience applies equally to all skills.
You have very sharp teeth.
Your uncanny sense of smell can sniff out nearby items.
You are partially covered in yellow scales. (AC +2)
You can translocate small distances at will.
You are somewhat resistant to further mutation.
Your muscles are strong. (Str +2)
Potions are less effective at restoring your health.


Message History

The tormentor calls on the powers of darkness!
The floating eye convulses!
Your body is wracked with pain!
The large abomination hits you!!
* * * LOW HITPOINT WARNING * * *
Mnoleg claws you but does no damage. Mnoleg tentacle-slaps you!
* * * LOW HITPOINT WARNING * * *
Mnoleg gores you.
* * * LOW HITPOINT WARNING * * *
Mnoleg kicks you but does no damage.
The large abomination hits you but does no damage.
The tentacled monstrosity tentacle-slaps you!
* * * LOW HITPOINT WARNING * * *
The tentacled monstrosity tentacle-slaps you but does no damage. x2
The tentacled monstrosity constricts you.
The neqoxec gestures.
Mnoleg gestures at you. The bolt of lightning hits you. You resist.
* * * LOW HITPOINT WARNING * * *
The bolt of lightning hits you! You resist.
You die...

,,*,,,#....###...##.....#*,*
**,,,,,*#...#...##......#*,*
*,,,,,,,*#.....##.......#*,*
*,,,,,,,*##...##.......##,,*
**,,,,,***##...##.....##,,,*
**,,,***,,##...##...##,,,**
******,.,,##...##.##,,.***
**,,..5.##XX!###,..#*,*
**,,,....3XX@..#...#*,,*
**,,,,*wX3G2&#.....#,,,,*
**,,,,§X...522##...##,,,,*
**,,,,,,......X.##.##,,,,,*
*,,,,,,,........,*##,,,,,,*
*,,,,,,,.......,,,***,,,,,*
*,,,,,,,.......,,,* **,,,,*
*,,,,**,.......,,** **,,,*
**,,*,*,,,,,,,,,** **,,*


You could see Mnoleg, 2 tentacled monstrosities, an eldritch tentacle, 2
cacodemons, 5 large abominations, a tormentor, 2 neqoxecs, a floating eye and 2
crimson imps.

Vanquished Creatures
  the Royal Jelly (Slime:5)
  Mennas (Depths:4)
  2 juggernauts
  4 ancient liches (Vaults:5)
  the Lernaean hydra (Swamp:4)
  Frederick (Depths:5)
  Margery (Depths:4)
  Xtahua (Vaults:5)
  2 caustic shrikes (Depths:4)
  7 golden dragons
  Nikola (Vaults:1)
  Arachne (Spider:4)
  A bone dragon (Depths:5)
  A pandemonium lord (Pan)
  4 liches
  Jorgrun (Swamp:3)
  Rupert (Lair:3)
  6 tentacled monstrosities
  2 deep elf blademasters
  2 deep elf master archers (Elf:3)
  20 acid blobs
  A quicksilver dragon (Vaults:5)
  9 titans
  A sphinx (shapeshifter) (Depths:2)
  Gastronok (Lair:3)
  2 sphinxes
  Agnes (Spider:1)
  2 tentacled starspawn (Abyss:3)
  7 storm dragons
  Frances (Swamp:1)
  6 tengu reavers
  A thorn hunter (Swamp:4)
  6 shadow dragons
  A revenant (Abyss:2)
  9 fire giants
  A storm dragon (shapeshifter) (Vaults:5)
  10 azure jellies (Slime:5)
  7 warmongers (Pan)
  A draconian monk (Depths:5)
  10 frost giants
  3 iron dragons
  12 large abominations
  12 deep elf sorcerers
  17 vault wardens
  9 cacodemons
  5 ghost moths
  An angel (Abyss:3)
  A draconian scorcher (Depths:5)
  16 ironheart preservers
  8 emperor scorpions
  Louise (Spider:1)
  2 balrugs (Pan)
  A ghoul (Vaults:2)
  A draconian shifter (Depths:5)
  4 spriggan defenders
  6 deep elf elementalists (Elf:3)
  3 reapers (Pan)
  2 war gargoyles (Vaults:5)
  5 entropy weavers
  2 ophanim (Abyss:3)
  33 very ugly things
  29 stone giants
  A black draconian (Depths:5)
  2 green draconians (Depths:5)
  A black sun (Pan)
  7 deep elf demonologists
  3 vampire knights
  8 deep elf annihilators
  A red draconian (Depths:5)
  A minotaur (Gauntlet)
  9 spark wasps
  A yellow draconian (Depths:5)
  A purple draconian (Depths:5)
  11 deep elf death magi
  4 jiangshi
  2 green deaths
  3 blizzard demons
  7 death oozes
  13 yaktaur captains
  11 ettins
  13 great orbs of eyes
  10 fire dragons
  Fannar (Lair:3)
  4 deep elf high priests
  Josephine (Swamp:1)
  17 hydras
  2 monstrous demonspawn (Pan)
  A ghost crab (Swamp:4)
  Harold (D:7)
  10 ice dragons
  3 death knights
  36 vault guards
  3 catoblepae (Lair:6)
  4 rakshasas
  6 spriggan air magi
  A titan zombie (Depths:2)
  19 two-headed ogres
  32 dancing weapons
  9 centaur warriors
  9 alligators
  6 ogre magi
  7 death yaks
  10 tengu warriors
  4 vampire magi
  15 deep troll earth magi
  12 deep troll shamans
  A queen ant (Spider:1)
  5 orc high priests
  3 spriggan berserkers
  Nergalle (D:12)
  4 soul eaters
  6 sun demons (Pan)
  30 deep elf knights
  A wretched star (Abyss:1)
  2 shadow wraiths
  A golden dragon zombie (Depths:2)
  3 iron trolls
  A salamander mystic (Depths:1)
  14 sixfirhies
  2 spriggan druids (Swamp:2)
  15 hell knights
  9 gelid demonspawn (Pan)
  2 cherubim (Abyss:3)
  An infernal demonspawn (Pan)
  2 flayed ghosts (Vaults:5)
  11 swamp dragons
  6 glowing orange brains
  4 unseen horrors
  2 unseen horrors (shapeshifter)
  2 torturous demonspawn (Pan)
  A lindwurm (Lair:6)
  36 deep trolls
  2 harpies (shapeshifter)
  A shadow demon (Pan)
  13 wizards
  14 necromancers
  5 phantasmal warriors
  14 ironbrand convokers
  Pikel (D:9)
  3 wolf spider zombies (D:15)
  15 deep elf archers
  9 orc knights
  74 deep elf magi
  A shining eye (shapeshifter) (Vaults:5)
  A faun (shapeshifter) (Vaults:1)
  52 ugly things
  3 oklob plants (Lair:1)
  31 wolf spiders
  6 shining eyes
  5 orc sorcerers
  8 cyclopes
  2 salamanders (Depths:1)
  19 orb spiders
  2 guardian serpents (shapeshifter)
  2 moths of wrath
  A salamander (shapeshifter) (Elf:3)
  2 manticores (Lair:6)
  2 black mambas
  A fire giant skeleton (Depths:2)
  3 ice statues (IceCv)
  20 vault sentinels
  2 centaur zombies
  Joseph (D:7)
  An eye of devastation (Slime:1)
  A frost giant skeleton (Vaults:4)
  11 orange demons
  22 spiny frogs
  3 smoke demons
  6 elephants (Lair:5)
  3 gargoyles (D:12)
  13 small abominations
  9 komodo dragons
  A centaur skeleton (D:14)
  3 hellions
  11 ice devils
  2 rime drakes
  A komodo dragon (shapeshifter) (Vaults:4)
  3 kobold demonologists
  2 tormentors (Pan)
  51 yaktaurs
  13 demonic crawlers
  A yaktaur skeleton (Vaults:1)
  11 freezing wraiths
  5 tengu conjurers
  2 hellwings
  5 red devils
  A troll (shapeshifter) (Depths:3)
  10 trolls
  23 jumping spiders
  A polar bear (Lair:4)
  A slime creature (shapeshifter) (Vaults:5)
  11 bog bodies
  A tyrant leech (shapeshifter) (Vaults:5)
  16 hornets
  23 blink frogs
  6 dream sheep (Lair:5)
  7 tyrant leeches
  An iron dragon simulacrum (Depths:2)
  3 raiju (Abyss:2)
  60 slime creatures
  5 hippogriffs
  A fire giant simulacrum (Vaults:2)
  4 shadows
  A water elemental (Depths:1)
  9 wraiths
  5 spriggans
  5 air elementals
  A yak (shapeshifter) (Depths:2)
  4 ynoxinuls (Pan)
  89 redbacks
  A human (shapeshifter) (Elf:2)
  33 tarantellas
  2 ettin skeletons
  3 vampires (Vaults:3)
  A tarantella (shapeshifter) (Depths:1)
  3 fire elementals
  3 wyverns
  71 yaks
  A basilisk (shapeshifter) (Vaults:4)
  2 hungry ghosts
  3 basilisks
  13 neqoxecs
  A yaktaur simulacrum (Vaults:3)
  36 vampire mosquitoes
  The ghost of Semilg the Magician, an amateur MiWz (D:4)
  9 chaos spawn
  A steam dragon (D:11)
  9 insubstantial wisps
  14 crocodiles
  7 wargs
  19 soldier ants
  20 swamp worms
  12 water moccasins
  2 floating eyes
  14 swamp drakes
  A water moccasin (shapeshifter) (Vaults:3)
  Duvessa (D:6)
  8 porcupines
  39 orc warriors
  4 black bears
  3 phantoms
  An ice beast (shapeshifter) (Vaults:1)
  A sky beast (shapeshifter) (Vaults:2)
  A necrophage (D:10)
  7 ice beasts
  3 sky beasts
  An ettin simulacrum (Vaults:4)
  An eye of draining (shapeshifter) (Vaults:5)
  3 eyes of draining
  20 ogres
  2 human skeletons
  14 wolves
  14 boggarts
  22 centaurs
  5 big kobolds
  12 bullfrogs
  2 gnoll sergeants
  An earth elemental (Elf:2)
  A wyvern zombie (D:15)
  A water moccasin zombie (D:9)
  Dowan (D:6)
  13 scorpions
  8 killer bees
  14 wights
  5 electric eels
  8 howler monkeys
  2 bullfrog zombies
  8 crimson imps
  4 jellies
  4 quasits
  A draconian simulacrum (IceCv)
  3 hounds
  Crazy Yiuf (D:6)
  3 bullfrog skeletons
  37 orc wizards
  32 orc priests
  An iron imp (Depths:3)
  7 iguanas
  Natasha (D:2)
  A polar bear simulacrum (D:15)
  A spriggan simulacrum (IceCv)
  26 worker ants
  A worker ant (shapeshifter) (Vaults:5)
  4 yak simulacra (D:15)
  2 troll simulacra (IceCv)
  2 wolf simulacra (D:15)
  2 centaur simulacra (IceCv)
  A hound skeleton (D:11)
  2 howler monkey skeletons
  17 adders
  14 gnolls
  3 naga simulacra (IceCv)
  An ogre simulacrum (IceCv)
  4 shadow imps
  A white imp (Depths:3)
  An ufetubus (Depths:3)
  An ooze (D:5)
  An adder skeleton (D:5)
  2 adder zombies
  6 worms
  4 dart slugs
  4 leopard geckos
  96 orcs
  A ball python (D:2)
  10 giant cockroaches
  9 goblins
  10 hobgoblins
  12 jackals
  9 quokkas
  4 bats
  6 frilled lizards
  27 kobolds
  A quokka skeleton (D:8)
  11 rats
  4 river rat simulacra (D:15)
  A bush (Swamp:4)
  7 crawling corpses
  2 plants
  4 starspawn tentacles (Abyss:3)
2498 creatures vanquished.

Vanquished Creatures (others)
  A vault warden (Vaults:5)
  2 stone giants
  A fire dragon (Depths:5)
  2 yaktaur captains
  A hydra (Swamp:1)
  2 vault guards (Vaults:5)
  A two-headed ogre (D:14)
  A deep troll earth mage (Depths:3)
  A deep elf knight (Vaults:4)
  A deep troll (Depths:5)
  A glowing orange brain (Depths:4)
  A necromancer (Depths:4)
  2 deep elf archers
  A deep elf mage (Elf:2)
  A cyclops (D:15)
  A yaktaur (shapeshifter) (Depths:3)
  16 yaktaurs
  2 redbacks
  A yak (D:9)
  A spriggan (Depths:5)
  A hell hound (Depths:1)
  An ogre (Vaults:5)
  A slave (D:9)
  2 centaurs
  A wyvern skeleton (D:13)
  An orc priest (D:9)
  An iguana (D:9)
  A centaur simulacrum (Abyss:1)
  2 orcs
  A bush (Swamp:4)
  16 fungi
  31 plants
  4 starspawn tentacles (Abyss:3)
103 creatures vanquished.

Grand Total: 2601 creatures vanquished

Notes
Turn   | Place    | Note
-------+----------+-------------------------------------------
     0 | D:1      | xccam the Gnoll Wanderer began the quest for the Orb.
     0 | D:1      | xccam set off with the following items: a +2 shortbow, 25
                  | arrows, a +0 mace, a +0 ring mail, a ration
     0 | D:1      | Reached XP level 1. HP: 17/17 MP: 2/2
   135 | D:1      | Reached XP level 2. HP: 3/23 MP: 3/3
   843 | D:1      | Reached XP level 3. HP: 26/28 MP: 4/4
  1159 | D:2      | Reached skill level 1 in Invocations
  1253 | D:2      | Reached skill level 1 in Short Blades
  1253 | D:2      | Reached skill level 1 in Long Blades
  1253 | D:2      | Reached skill level 1 in Maces & Flails
  1253 | D:2      | Reached skill level 1 in Polearms
  1253 | D:2      | Reached skill level 1 in Staves
  1253 | D:2      | Reached skill level 1 in Slings
  1253 | D:2      | Reached skill level 1 in Crossbows
  1253 | D:2      | Reached skill level 1 in Throwing
  1253 | D:2      | Reached skill level 1 in Dodging
  1253 | D:2      | Reached skill level 1 in Shields
  1253 | D:2      | Reached skill level 1 in Unarmed Combat
  1253 | D:2      | Reached skill level 1 in Spellcasting
  1278 | D:2      | Reached XP level 4. HP: 29/34 MP: 6/6
  1370 | D:2      | Reached skill level 1 in Conjurations
  1370 | D:2      | Reached skill level 1 in Hexes
  1370 | D:2      | Reached skill level 1 in Charms
  1370 | D:2      | Reached skill level 1 in Summonings
  1370 | D:2      | Reached skill level 1 in Necromancy
  1370 | D:2      | Reached skill level 1 in Translocations
  1370 | D:2      | Reached skill level 1 in Transmutations
  1370 | D:2      | Reached skill level 1 in Fire Magic
  1370 | D:2      | Reached skill level 1 in Ice Magic
  1370 | D:2      | Reached skill level 1 in Air Magic
  1370 | D:2      | Reached skill level 1 in Earth Magic
  1370 | D:2      | Reached skill level 1 in Poison Magic
  1436 | D:2      | Reached XP level 5. HP: 29/40 MP: 7/7
  1496 | D:2      | Noticed Natasha
  1499 | D:2      | Killed Natasha
  1710 | D:3      | Found a sparkling altar of Nemelex Xobeh.
  1828 | D:3      | Found a transporter.
  2031 | D:3      | Reached XP level 6. HP: 19/47 MP: 8/8
  2041 | D:3      | Found a transporter.
  2525 | D:3      | Found a glowing golden altar of the Shining One.
  2532 | D:3      | Found a snail-covered altar of Cheibriados.
  2551 | D:4      | Reached skill level 5 in Bows
  2642 | D:4      | Found Zatuw's Gadget Boutique.
  2696 | D:4      | Reached XP level 7. HP: 31/52 MP: 10/10
  2796 | D:4      | Found Comuusu's Weapon Emporium.
  2797 | D:4      | Found a runed translucent door.
  2812 | D:4      | Noticed Semilg's ghost (amateur MiWz)
  3320 | D:4      | Found a runed translucent door.
  3380 | D:4      | Killed Semilg's ghost
  3438 | D:5      | Entered Level 5 of the Dungeon
  3450 | D:5      | Reached XP level 8. HP: 48/60 MP: 12/12
  3970 | D:5      | Found an iron altar of Okawaru.
  4283 | D:3      | Became a worshipper of Cheibriados the Contemplative
  4860 | D:6      | Reached * piety under Cheibriados
  4893 | D:6      | Reached XP level 9. HP: 49/66 MP: 14/14
  4963 | D:6      | Found a hide-covered altar of Uskayaw.
  5128 | D:6      | Found an opulent altar of Gozag.
  5144 | D:6      | Found a sacrificial altar of Ru.
  5197 | D:6      | Found a runed translucent door.
  5198 | D:6      | Noticed Crazy Yiuf
  5205 | D:6      | Killed Crazy Yiuf
  5449 | D:6      | Noticed Duvessa
  5450 | D:6      | Noticed Dowan
  5462 | D:6      | Killed Duvessa
  5470 | D:6      | Killed Dowan
  5700 | D:7      | Found a staircase to the Ecumenical Temple.
  5763 | D:7      | Found a glowing silver altar of Zin.
  5833 | D:7      | Noticed Joseph
  5860 | D:7      | Killed Joseph
  5860 | D:7      | Reached skill level 5 in Fighting
  5860 | D:7      | Reached skill level 5 in Axes
  5860 | D:7      | Reached skill level 5 in Stealth
  5860 | D:7      | Reached skill level 5 in Evocations
  5878 | D:7      | Noticed Harold
  5895 | D:7      | Killed Harold
  5895 | D:7      | Reached skill level 5 in Invocations
  5895 | D:7      | Reached XP level 10. HP: 32/74 MP: 15/17
  6358 | D:7      | Reached ** piety under Cheibriados
  6911 | D:8      | Reached skill level 5 in Short Blades
  6911 | D:8      | Reached skill level 5 in Long Blades
  6911 | D:8      | Reached skill level 5 in Maces & Flails
  6911 | D:8      | Reached skill level 5 in Polearms
  6911 | D:8      | Reached skill level 5 in Staves
  6911 | D:8      | Reached skill level 5 in Slings
  6911 | D:8      | Reached skill level 5 in Crossbows
  6911 | D:8      | Reached skill level 5 in Throwing
  6911 | D:8      | Reached skill level 5 in Dodging
  6911 | D:8      | Reached skill level 5 in Shields
  6911 | D:8      | Reached skill level 5 in Unarmed Combat
  6911 | D:8      | Reached skill level 5 in Spellcasting
  6921 | D:8      | Found a stormy altar of Qazlal.
  7344 | D:8      | Reached *** piety under Cheibriados
  7346 | D:8      | Paralysed by a hornet for 1 turns
  7363 | D:8      | Paralysed by a hornet for 2 turns
  7366 | D:8      | Reached skill level 10 in Armour
  7610 | D:8      | Found Ubiexyobb's Food Shoppe.
  7811 | D:9      | Found a staircase to the Lair.
  8389 | D:9      | Reached XP level 11. HP: 58/82 MP: 19/19
  8513 | D:9      | Noticed Pikel
  8535 | D:9      | Killed Pikel
  8585 | D:9      | Reached **** piety under Cheibriados
  8799 | D:10     | Entered Level 10 of the Dungeon
  9135 | D:10     | Noticed a tengu warrior
  9139 | D:10     | Killed an unseen horror
  9139 | D:10     | Reached skill level 5 in Conjurations
  9139 | D:10     | Reached skill level 5 in Hexes
  9139 | D:10     | Reached skill level 5 in Charms
  9139 | D:10     | Reached skill level 5 in Summonings
  9139 | D:10     | Reached skill level 5 in Necromancy
  9139 | D:10     | Reached skill level 5 in Translocations
  9139 | D:10     | Reached skill level 5 in Transmutations
  9139 | D:10     | Reached skill level 5 in Fire Magic
  9139 | D:10     | Reached skill level 5 in Ice Magic
  9139 | D:10     | Reached skill level 5 in Air Magic
  9139 | D:10     | Reached skill level 5 in Earth Magic
  9139 | D:10     | Reached skill level 5 in Poison Magic
  9151 | D:10     | Killed a tengu warrior
  9625 | D:10     | Got a faintly humming plate armour
  9636 | D:10     | Identified the +8 plate armour "Fodoedae" {rF++ rC+ MR++}
                  | (You found it on level 10 of the Dungeon)
  9709 | D:11     | Noticed a purple ugly thing
  9727 | D:11     | Killed a purple ugly thing
  9728 | D:11     | Noticed a five-headed hydra
  9755 | D:11     | Killed a five-headed hydra
  9905 | D:11     | Found a staircase to the Orcish Mines.
 10706 | D:11     | Reached XP level 12. HP: 85/91 MP: 22/22
 10812 | D:11     | Reached ***** piety under Cheibriados
 11444 | D:12     | Noticed Nergalle
 11455 | D:12     | Killed Nergalle
 11703 | D:12     | Noticed a two-headed ogre
 11704 | D:12     | Noticed a two-headed ogre
 11715 | D:12     | Killed a two-headed ogre
 11722 | D:12     | Killed a two-headed ogre
 11826 | D:12     | Found a white marble altar of Elyvilon.
 12826 | D:13     | Noticed a two-headed ogre
 12833 | D:13     | Killed a two-headed ogre
 12842 | D:13     | Reached XP level 13. HP: 77/98 MP: 24/24
 13267 | D:13     | Reached ****** piety under Cheibriados
 13935 | D:13     | Found a deep blue altar of Sif Muna.
 15632 | D:14     | Reached XP level 14. HP: 86/108 MP: 26/26
 15634 | D:14     | Found a gate to the Vaults.
 15808 | Orc:1    | Entered Level 1 of the Orcish Mines
 16446 | Orc:2    | Entered Level 2 of the Orcish Mines
 16446 | Orc:2    | Noticed a stone giant
 16514 | Orc:2    | Killed a stone giant
 16971 | Orc:1    | Reached skill level 10 in Bows
 18202 | Orc:2    | Found a staircase to the Elven Halls.
 18353 | Orc:2    | Found Irhoeqod's Magic Scroll Emporium.
 18353 | Orc:2    | Found Neykax's Magic Scroll Emporium.
 18354 | Orc:2    | Found Ympieps's General Store.
 18357 | Orc:2    | Found Kuelonen's General Store.
 18362 | Orc:2    | Bought a scroll of teleportation for 33 gold pieces
 18362 | Orc:2    | Bought a scroll of identify for 22 gold pieces
 18362 | Orc:2    | Bought a scroll of enchant weapon for 82 gold pieces
 18362 | Orc:2    | Bought a scroll of blinking for 82 gold pieces
 18362 | Orc:2    | Bought a scroll of teleportation for 33 gold pieces
 18365 | Orc:2    | Bought a scroll of identify for 28 gold pieces
 18365 | Orc:2    | Bought a scroll of enchant armour for 105 gold pieces
 18367 | Orc:2    | Bought a +0 helmet of see invisible for 172 gold pieces
 18373 | Orc:2    | Bought a potion of heal wounds for 60 gold pieces
 18373 | Orc:2    | Bought a scroll of identify for 24 gold pieces
 18526 | Lair:1   | Entered Level 1 of the Lair of Beasts
 18540 | D:9      | Reached skill level 10 in Invocations
 19735 | Lair:2   | Found a hole to the Spider Nest.
 19998 | Lair:2   | Found a staircase to the Swamp.
 20063 | Lair:2   | Reached XP level 15. HP: 115/115 MP: 28/28
 20179 | Lair:3   | Noticed Gastronok
 20191 | Lair:3   | Killed Gastronok
 20211 | Lair:3   | Found a frozen archway.
 20227 | IceCv    | Entered an ice cave
 20468 | IceCv    | Reached skill level 10 in Fighting
 20468 | IceCv    | Reached skill level 10 in Axes
 20468 | IceCv    | Reached skill level 10 in Evocations
 20856 | IceCv    | Reached skill level 10 in Stealth
 20942 | IceCv    | Got a pitted glaive
 20943 | IceCv    | Identified the +6 glaive of Yesterday {flame, Str+2 Int+3}
                  | (You found it in an ice cave)
 21180 | Lair:3   | Noticed Rupert
 21201 | Lair:3   | Killed Rupert
 21321 | Lair:3   | Noticed Fannar
 21347 | Lair:3   | Killed Fannar
 22345 | Lair:4   | Reached skill level 10 in Short Blades
 22345 | Lair:4   | Reached skill level 10 in Long Blades
 22345 | Lair:4   | Reached skill level 10 in Maces & Flails
 22345 | Lair:4   | Reached skill level 10 in Polearms
 22345 | Lair:4   | Reached skill level 10 in Staves
 22345 | Lair:4   | Reached skill level 10 in Slings
 22345 | Lair:4   | Reached skill level 10 in Crossbows
 22345 | Lair:4   | Reached skill level 10 in Throwing
 22345 | Lair:4   | Reached skill level 10 in Dodging
 22345 | Lair:4   | Reached skill level 10 in Shields
 22345 | Lair:4   | Reached skill level 10 in Unarmed Combat
 22345 | Lair:4   | Reached skill level 10 in Spellcasting
 22816 | Lair:4   | Identified a scroll of acquirement
 22857 | Lair:5   | Found a gate leading to a gauntlet.
 22880 | Gauntlet | Entered a Gauntlet
 22880 | Gauntlet | Found a transporter.
 22887 | Gauntlet | Found a transporter.
 22889 | Gauntlet | Found a transporter.
 22905 | Gauntlet | Found a transporter.
 22907 | Gauntlet | Found a transporter.
 22928 | Gauntlet | Found a transporter.
 22935 | Gauntlet | Found a transporter.
 22945 | Gauntlet | Found a transporter.
 22955 | Gauntlet | Found a transporter.
 22970 | Gauntlet | Found a transporter.
 22978 | Gauntlet | Found a transporter.
 22981 | Gauntlet | Found a transporter.
 23088 | Gauntlet | Found a transporter.
 23260 | Gauntlet | Got a pitted ivory ring
 23262 | Gauntlet | Identified the ring of the Evening {-Tele rF++ MR- EV+3
                  | Stlth+} (You found it in a Gauntlet)
 23844 | Lair:5   | Found a viscous altar of Jiyva.
 23844 | Lair:5   | Found a staircase to the Slime Pits.
 24583 | Lair:6   | Entered Level 6 of the Lair of Beasts
 25069 | Lair:6   | Reached XP level 16. HP: 124/124 MP: 30/30
 25506 | Lair:6   | Got a steaming golden ring
 25509 | Lair:6   | Identified the ring "Binyat" {rPois rC+ rN++ Dex+4 Stlth-}
                  | (You found it on level 6 of the Lair of Beasts)
 26171 | Swamp:1  | Entered Level 1 of the Swamp
 26203 | Swamp:1  | Noticed Josephine
 26217 | Swamp:1  | Killed Josephine
 26738 | Swamp:1  | You fall through a shaft!
 28020 | Swamp:1  | Noticed Frances
 28034 | Swamp:1  | Gained mutation: You are frail. (-10% HP) [a neqoxec]
 28043 | Swamp:1  | Killed Frances
 28743 | Swamp:3  | Noticed Jorgrun
 28758 | Swamp:3  | Killed Jorgrun
 29207 | Swamp:4  | Entered Level 4 of the Swamp
 29236 | Swamp:4  | Noticed a thorn hunter
 29247 | Swamp:4  | Killed a thorn hunter
 29263 | Swamp:4  | Got an encrusted falchion
 29291 | Swamp:4  | Identified the +7 falchion "Sothrud" {slice, Str+2 SInv}
                  | (You found it on level 4 of the Swamp)
 29321 | Swamp:4  | Reached XP level 17. HP: 86/117 MP: 28/32
 30225 | Swamp:4  | Noticed the 27-headed Lernaean hydra
 30237 | Swamp:4  | Killed the 27-headed Lernaean hydra
 30255 | Swamp:4  | Got a decaying rune of Zot
 30343 | Swamp:4  | Identified the cursed +0 chain mail of the New World
                  | {Int+5} (You found it on level 4 of the Swamp)
 30796 | Spider:1 | Entered Level 1 of the Spider Nest
 30796 | Spider:1 | Noticed Louise
 30830 | Spider:1 | Killed Louise
 31173 | Spider:1 | Noticed Agnes
 31183 | Spider:1 | Killed Agnes
 32623 | Spider:2 | Reached skill level 10 in Conjurations
 32623 | Spider:2 | Reached skill level 10 in Hexes
 32623 | Spider:2 | Reached skill level 10 in Charms
 32623 | Spider:2 | Reached skill level 10 in Summonings
 32623 | Spider:2 | Reached skill level 10 in Necromancy
 32623 | Spider:2 | Reached skill level 10 in Translocations
 32623 | Spider:2 | Reached skill level 10 in Transmutations
 32623 | Spider:2 | Reached skill level 10 in Fire Magic
 32623 | Spider:2 | Reached skill level 10 in Ice Magic
 32623 | Spider:2 | Reached skill level 10 in Air Magic
 32623 | Spider:2 | Reached skill level 10 in Earth Magic
 32623 | Spider:2 | Reached skill level 10 in Poison Magic
 32778 | Spider:2 | Reached XP level 18. HP: 87/126 MP: 0/33
 33763 | Spider:3 | Got a polished long sword
 33764 | Spider:3 | Identified the +7 long sword of Indignation {slice, Str-2
                  | Int+6} (You found it on level 3 of the Spider Nest)
 34259 | Spider:4 | Entered Level 4 of the Spider Nest
 34747 | Spider:4 | Noticed Arachne
 34759 | Spider:4 | Killed Arachne
 36138 | Spider:4 | Got a gossamer rune of Zot
 36245 | Spider:4 | Lost mutation: You are frail. (-10% HP) [potion of
                  | mutation]
 36245 | Spider:4 | Gained mutation: You are partially covered in molten
                  | scales. (AC +2) [potion of mutation]
 36245 | Spider:4 | Gained mutation: You are partially covered in yellow
                  | scales. (AC +2) [potion of mutation]
 36596 | D:15     | Entered Level 15 of the Dungeon
 36688 | D:15     | Found a staircase to the Depths.
 36735 | D:15     | Reached XP level 19. HP: 130/147 MP: 31/35
 36906 | D:15     | Learned a level 3 spell: Regeneration
 37351 | D:15     | Found a deep blue altar of Sif Muna.
 37470 | D:15     | Found Zudokkump's Magic Scroll Shop.
 37475 | D:15     | Bought a scroll of identify for 26 gold pieces
 37475 | D:15     | Bought a scroll of teleportation for 39 gold pieces
 37475 | D:15     | Bought a scroll of blinking for 97 gold pieces
 37475 | D:15     | Bought a scroll of identify for 26 gold pieces
 37475 | D:15     | Bought a scroll of enchant armour for 97 gold pieces
 37528 | Vaults:1 | Entered Level 1 of the Vaults
 38537 | Vaults:1 | Noticed Nikola
 38556 | Vaults:1 | Killed Nikola
 39607 | Vaults:2 | Reached XP level 20. HP: 142/156 MP: 23/36
 39623 | Vaults:2 | Reached skill level 15 in Armour
 40945 | Vaults:2 | Identified the +6 war axe of the Tired Stars {chop, MR+
                  | MP+9}
 41658 | Vaults:3 | Found Nawup's Antique Armour Shop.
 41681 | Vaults:3 | Bought a jewelled buckler for 332 gold pieces
 41681 | Vaults:3 | Identified the +2 buckler "Waecolil" {*Corrode rPois MR+
                  | Str+2} (You bought it in a shop on level 3 of the Vaults)
 41891 | Vaults:3 | Found a staircase to the Crypt.
 42619 | Vaults:4 | Reached XP level 21. HP: 164/164 MP: 38/38
 43820 | Depths:1 | Entered Level 1 of the Depths
 43826 | Depths:1 | You fall through a shaft!
 43827 | Depths:2 | Noticed a golden dragon
 43843 | Depths:2 | Killed a golden dragon
 43851 | Depths:2 | Identified the +6 falchion of Incongruity {slice, -Tele
                  | rElec rN+}
 43888 | Depths:2 | Noticed a golden dragon
 43906 | Depths:2 | Reached skill level 15 in Invocations
 43911 | Depths:2 | Killed a golden dragon
 43926 | Depths:2 | Noticed a golden dragon
 43938 | Depths:2 | Killed a golden dragon
 43944 | Depths:2 | Paralysed by a floating eye for 2 turns
 43961 | Depths:2 | Paralysed by a floating eye for 3 turns
 43981 | Depths:2 | Paralysed by a floating eye for 3 turns
 43989 | Depths:2 | Reached XP level 22. HP: 172/173 MP: 13/40
 44298 | Depths:2 | Learned a level 5 spell: Lee's Rapid Deconstruction
 44305 | Depths:2 | Learned a level 6 spell: Iron Shot
 44310 | Depths:2 | Found a gateway to Hell.
 44631 | Depths:2 | Found a one-way gate to the infinite horrors of the Abyss.
 45037 | Depths:2 | Reached skill level 15 in Bows
 45138 | Depths:1 | Identified the +2 halberd of Qaoseczeh {flame, Dex+5}
 45200 | Depths:1 | Found Wasoso's Antique Armour Shoppe.
 45201 | Depths:1 | Identified the +6 scythe "Domabb" {chaos, rC- rN+ MR+
                  | Dex+2}
 45364 | Depths:1 | Identified the +8 demon blade "Naythr Iwkipt" {vamp, rElec
                  | rPois rC- SInv}
 45397 | Depths:1 | Reached XP level 23. HP: 180/180 MP: 22/41
 45419 | Depths:1 | Got a spiked helmet
 45445 | Depths:1 | Identified the +1 helmet "Girghoeci" {+Fly} (You found it
                  | on level 1 of the Depths)
 45552 | Depths:1 | Found Niepsuxi's Magic Scroll Emporium.
 45560 | Depths:1 | Bought a scroll of enchant weapon for 165 gold pieces
 46128 | Depths:3 | Found a gateway to a ziggurat.
 46235 | Depths:3 | Found a one-way gate leading to the halls of Pandemonium.
 46292 | Depths:3 | Reached skill level 15 in Fighting
 46292 | Depths:3 | Reached skill level 15 in Axes
 46292 | Depths:3 | Reached skill level 15 in Evocations
 46360 | Depths:3 | Found Isileq's Food Boutique.
 46402 | Depths:3 | Reached skill level 15 in Stealth
 46802 | Depths:4 | Noticed Mennas
 46848 | Depths:4 | Killed Mennas
 46891 | Depths:4 | Noticed Margery
 47032 | Depths:4 | Noticed a caustic shrike
 47032 | Depths:4 | Noticed a caustic shrike
 47037 | Depths:4 | Noticed a juggernaut
 47045 | Depths:4 | Killed a caustic shrike
 47047 | Depths:4 | Killed a caustic shrike
 47054 | Depths:4 | Reached skill level 15 in Short Blades
 47054 | Depths:4 | Reached skill level 15 in Long Blades
 47054 | Depths:4 | Reached skill level 15 in Maces & Flails
 47054 | Depths:4 | Reached skill level 15 in Polearms
 47054 | Depths:4 | Reached skill level 15 in Staves
 47054 | Depths:4 | Reached skill level 15 in Slings
 47054 | Depths:4 | Reached skill level 15 in Crossbows
 47054 | Depths:4 | Reached skill level 15 in Throwing
 47054 | Depths:4 | Reached skill level 15 in Dodging
 47054 | Depths:4 | Reached skill level 15 in Shields
 47054 | Depths:4 | Reached skill level 15 in Unarmed Combat
 47054 | Depths:4 | Reached skill level 15 in Spellcasting
 47060 | Depths:4 | Killed a juggernaut
 47501 | Depths:4 | Identified the cursed +1 robe of Card Tricks {Str+3}
 47526 | Depths:4 | Killed Margery
 47659 | Depths:4 | Noticed a golden dragon
 47667 | Depths:4 | Killed a golden dragon
 47694 | Depths:4 | Reached XP level 24. HP: 189/189 MP: 39/42
 47717 | Depths:4 | Identified the +1 robe of Sicliafe {rElec rCorr Int-5}
 47896 | Depths:5 | Entered Level 5 of the Depths
 47897 | Depths:5 | Noticed Frederick
 47925 | Depths:5 | Killed Frederick
 47946 | Depths:5 | Identified the +2 pair of boots "Wopriam" {Str+4} (You
                  | found it on level 5 of the Depths)
 48443 | Depths:5 | Found a gate to the Realm of Zot.
 48937 | Elf:1    | Entered Level 1 of the Elven Halls
 49292 | Elf:1    | Found Hoselyg's Weapon Shop.
 49655 | Elf:1    | Found Ylal's Jewellery Shoppe.
 49655 | Elf:1    | Found Ujaife Daerch's Gadget Shop.
 49656 | Elf:1    | Found Kongar's Jewellery Shoppe.
 49675 | Elf:1    | Bought the amulet "Cikebioc" {RegenMP rElec Slay+2} for 838
                  | gold pieces
 49682 | Elf:1    | Bought the ring of Cifodd {rF+ rC+ Dex-3 SInv} for 415 gold
                  | pieces
 50039 | Elf:2    | Reached XP level 25. HP: 197/197 MP: 42/42
 50492 | Elf:2    | Found a huge runed translucent gate.
 50492 | Elf:2    | Found a huge runed translucent gate.
 50492 | Elf:2    | Found a huge runed translucent gate.
 50492 | Elf:2    | Found a huge runed translucent gate.
 50492 | Elf:2    | Found a huge runed translucent gate.
 51210 | Elf:3    | Entered Level 3 of the Elven Halls
 51872 | Elf:3    | Identified the +0 pair of gloves of Odghu {Str+3 Int+4}
                  | (You found it on level 3 of the Elven Halls)
 51968 | Elf:3    | Identified the ring of Kadecvu {Wiz rElec}
 52162 | Elf:3    | Gained mutation: Armour fits poorly on your strangely
                  | shaped body. [a cacodemon]
 52250 | Elf:3    | Identified the amulet "Enes" {Gourm rC+}
 52255 | Elf:3    | Identified the +1 great mace of Cipliocs {crush, rN+ Str+3}
 52354 | Elf:3    | Identified the Compendium of the Blaze and Transformation
 52809 | Depths:2 | Voluntarily entered the Abyss.
 52848 | Abyss:1  | Lost mutation: Armour fits poorly on your strangely shaped
                  | body. [potion of mutation]
 52848 | Abyss:1  | Lost mutation: You are partially covered in molten scales.
                  | (AC +2) [potion of mutation]
 52848 | Abyss:1  | Gained mutation: Your muscles are strong. (Str +2) [potion
                  | of mutation]
 53129 | Abyss:3  | Gained mutation: You have a pair of small horns on your
                  | head. [a neqoxec]
 53190 | Abyss:3  | Found a glowing golden altar of the Shining One.
 53231 | Abyss:3  | Noticed a juggernaut
 53243 | Abyss:3  | Killed a juggernaut
 53247 | Abyss:3  | Got an abyssal rune of Zot
 53252 | Depths:2 | Escaped the Abyss
 53563 | Elf:1    | Bought an uncursed ring of resist corrosion for 280 gold
                  | pieces
 53844 | Slime:1  | Entered Level 1 of the Pits of Slime
 53927 | Slime:3  | Reached XP level 26. HP: 188/206 MP: 43/43
 54080 | Slime:4  | Gained mutation: You are frail. (-10% HP) [a shining eye]
 54103 | Slime:4  | Lost mutation: You are frail. (-10% HP) [potion of
                  | mutation]
 54103 | Slime:4  | Lost mutation: You have a pair of small horns on your head.
                  | [potion of mutation]
 54103 | Slime:4  | Gained mutation: You have a pair of small horns on your
                  | head. [potion of mutation]
 54103 | Slime:4  | Gained mutation: You expend magic power (3 MP) to
                  | strengthen your wands. [potion of mutation]
 54105 | Slime:5  | Entered Level 5 of the Pits of Slime
 54106 | Slime:5  | Gained mutation: Your body sometimes deteriorates upon
                  | taking damage. [a shining eye]
 54107 | Slime:5  | Gained mutation: You evolve. [a shining eye]
 54108 | Slime:5  | Gained mutation: Scrolls take you a little longer to read.
                  | [a shining eye]
 54139 | Slime:5  | Noticed the Royal Jelly
 54152 | Slime:5  | Killed the Royal Jelly
 54163 | Slime:5  | Lost mutation: Scrolls take you a little longer to read. [a
                  | shining eye]
 54510 | Slime:5  | Got a serpentine steel amulet
 54511 | Slime:5  | Identified the amulet "Agaiph" {Gourm rN+} (You found it on
                  | level 5 of the Pits of Slime)
 54578 | Slime:5  | Got a scintillating brass ring
 54579 | Slime:5  | Identified the ring of Ziriyxko {EV+5 Str+4} (You found it
                  | on level 5 of the Pits of Slime)
 54607 | Slime:5  | Got a slimy rune of Zot
 55077 | Vaults:5 | Entered Level 5 of the Vaults
 55228 | Vaults:5 | Found Kowefewuri's Gadget Shoppe.
 55228 | Vaults:5 | Noticed an ancient lich
 55228 | Vaults:5 | Noticed an ancient lich
 55235 | Vaults:5 | Killed an ancient lich
 55237 | Vaults:5 | Killed an ancient lich
 55246 | Vaults:5 | Noticed an ancient lich
 55249 | Vaults:5 | Killed an ancient lich
 55349 | Vaults:5 | Found Viciesch's Gadget Shoppe.
 55432 | Vaults:5 | Reached XP level 27. HP: 214/214 MP: 43/43
 55442 | Vaults:5 | Found Saptigyu's General Store.
 55443 | Vaults:5 | Found Henem's General Store.
 55546 | Vaults:5 | Noticed Xtahua
 55555 | Vaults:5 | Killed Xtahua
 55972 | Vaults:5 | Found Efa Miam's Assorted Antiques.
 56002 | Vaults:5 | Bought a scroll of identify for 52 gold pieces
 56005 | Vaults:5 | Got a silver rune of Zot
 56067 | Vaults:5 | Noticed an ancient lich
 56077 | Vaults:5 | Killed an ancient lich
 56077 | Vaults:5 | Reached skill level 15 in Necromancy
 56211 | Vaults:5 | Found Buakhlih's Food Shop.
 56244 | Vaults:5 | Found Fijaxzin's Distillery.
 56249 | Vaults:5 | Bought a potion of curing for 69 gold pieces
 56249 | Vaults:5 | Bought a potion of curing for 69 gold pieces
 56256 | Vaults:5 | Found Unliejer's Food Shop.
 56404 | Vaults:5 | Gained mutation: Potions are less effective at restoring
                  | your health. [a shining eye]
 56406 | Vaults:5 | Lost mutation: You expend magic power (3 MP) to strengthen
                  | your wands. [potion of mutation]
 56406 | Vaults:5 | Lost mutation: You have a pair of small horns on your head.
                  | [potion of mutation]
 56406 | Vaults:5 | Lost mutation: Your body sometimes deteriorates upon taking
                  | damage. [potion of mutation]
 56406 | Vaults:5 | Gained mutation: You are robust. (+10% HP) [potion of
                  | mutation]
 56406 | Vaults:5 | Gained mutation: Your body sometimes deteriorates upon
                  | taking damage. [potion of mutation]
 56406 | Vaults:5 | Gained mutation: You expend magic power (3 MP) to
                  | strengthen your wands. [potion of mutation]
 56407 | Vaults:5 | Lost mutation: You evolve. [potion of mutation]
 56407 | Vaults:5 | Lost mutation: You expend magic power (3 MP) to strengthen
                  | your wands. [potion of mutation]
 56407 | Vaults:5 | Lost mutation: Your body sometimes deteriorates upon taking
                  | damage. [potion of mutation]
 56407 | Vaults:5 | Lost mutation: You are robust. (+10% HP) [potion of
                  | mutation]
 56407 | Vaults:5 | Gained mutation: You can translocate small distances at
                  | will. [potion of mutation]
 56407 | Vaults:5 | Gained mutation: You are somewhat resistant to further
                  | mutation. [potion of mutation]
 56790 | Pan      | Entered Pandemonium
 56819 | Pan      | Reached skill level 15 in Conjurations
 56819 | Pan      | Reached skill level 15 in Hexes
 56819 | Pan      | Reached skill level 15 in Charms
 56819 | Pan      | Reached skill level 15 in Summonings
 56819 | Pan      | Reached skill level 15 in Translocations
 56819 | Pan      | Reached skill level 15 in Transmutations
 56819 | Pan      | Reached skill level 15 in Fire Magic
 56819 | Pan      | Reached skill level 15 in Ice Magic
 56819 | Pan      | Reached skill level 15 in Air Magic
 56819 | Pan      | Reached skill level 15 in Earth Magic
 56819 | Pan      | Reached skill level 15 in Poison Magic
 57099 | Pan      | Upgraded the game from 0.23.0-2-g0fe3ce5 to
                  | 0.23.0-3-gf3c87f2
 57120 | Pan      | Noticed Aryat the pandemonium lord
 57151 | Pan      | Killed Aryat the pandemonium lord
 57393 | Pan      | Found an exit through the horrors of the Abyss.
 57798 | Pan      | Entered the realm of Mnoleg.
 58051 | Pan      | Noticed Mnoleg
 58071 | Pan      | Paralysed by a floating eye for 3 turns
 58072 | Pan      | HP: 8/217 [Mnoleg/bolt of lightning (6)]
 58072 | Pan      | Killed from afar by Mnoleg

Skill      XL: |  1  2  3  4  5  6  7  8  9 10 11 12 13 14 15 16 17 18 19 20 21 22 23 24 25 26 27 |
---------------+----------------------------------------------------------------------------------+-----
Invocations    | 1 2 3 4 5 6 7 8 9 10 11 12 13 14 15 16 17 18 19 | 19.0
Short Blades   | 1 2 3 4 5 6 7 8 9 10 11 12 13 14 15 16 17 | 17.7
Long Blades    | 1 2 3 4 5 6 7 8 9 10 11 12 13 14 15 16 17 | 17.7
Maces & Flails | 1 2 3 4 5 6 7 8 9 10 11 12 13 14 15 16 17 | 17.7
Polearms       | 1 2 3 4 5 6 7 8 9 10 11 12 13 14 15 16 17 | 17.7
Staves         | 1 2 3 4 5 6 7 8 9 10 11 12 13 14 15 16 17 | 17.7
Slings         | 1 2 3 4 5 6 7 8 9 10 11 12 13 14 15 16 17 | 17.7
Crossbows      | 1 2 3 4 5 6 7 8 9 10 11 12 13 14 15 16 17 | 17.7
Throwing       | 1 2 3 4 5 6 7 8 9 10 11 12 13 14 15 16 17 | 17.7
Dodging        | 1 2 3 4 5 6 7 8 9 10 11 12 13 14 15 16 17 | 17.7
Shields        | 1 2 3 4 5 6 7 8 9 10 11 12 13 14 15 16 17 | 17.7
Unarmed Combat | 1 2 3 4 5 6 7 8 9 10 11 12 13 14 15 16 17 | 17.7
Spellcasting   | 1 2 3 4 5 6 7 8 9 10 11 12 13 14 15 16 17 | 17.7
Conjurations   | 1 2 3 4 5 6 7 8 9 10 11 12 13 14 15 | 15.2
Hexes          | 1 2 3 4 5 6 7 8 9 10 11 12 13 14 15 | 15.2
Charms         | 1 2 3 4 5 6 7 8 9 10 11 12 13 14 15 | 15.2
Summonings     | 1 2 3 4 5 6 7 8 9 10 11 12 13 14 15 | 15.2
Necromancy     | 1 2 3 4 5 6 7 8 9 10 11 12 13 14 15 | 15.3
Translocations | 1 2 3 4 5 6 7 8 9 10 11 12 13 14 15 | 15.2
Transmutations | 1 2 3 4 5 6 7 8 9 10 11 12 13 14 15 | 15.2
Fire Magic     | 1 2 3 4 5 6 7 8 9 10 11 12 13 14 15 | 15.2
Ice Magic      | 1 2 3 4 5 6 7 8 9 10 11 12 13 14 15 | 15.2
Air Magic      | 1 2 3 4 5 6 7 8 9 10 11 12 13 14 15 | 15.2
Earth Magic    | 1 2 3 4 5 6 7 8 9 10 11 12 13 14 15 | 15.2
Poison Magic   | 1 2 3 4 5 6 7 8 9 10 11 12 13 14 15 | 15.2
Fighting       | 3 4 5 6 7 8 9 10 11 12 13 14 15 16 17 | 17.8
Axes           | 3 4 5 6 7 8 9 10 11 12 13 14 15 16 17 | 17.8
Evocations     | 3 4 5 6 7 8 9 10 11 12 13 14 15 16 17 | 17.8
Stealth        | 3 4 5 6 7 8 9 10 11 12 13 14 15 16 17 | 17.8
Bows           | 5 6 7 8 9 10 11 12 13 14 15 16 17 18 | 18.1
Armour         | 9 10 11 12 13 14 15 16 17 18 19 | 19.0

Action                   |  1- 3 |  4- 6 |  7- 9 | 10-12 | 13-15 | 16-18 | 19-21 | 22-24 | 25-27 || total
-------------------------+-------+-------+-------+-------+-------+-------+-------+-------+-------++-------
Melee: Mace              |    14 |       |       |       |       |       |       |       |       ||    14
       Bite              |    10 |    31 |    56 |   231 |   396 |   571 |   346 |   305 |   323 ||  2269
       Short sword       |    85 |   260 |   511 |   347 |       |       |       |       |       ||  1203
       Punch             |     1 |     1 |     7 |     4 |       |       |       |       |       ||    13
       Whip              |       |       |       |   627 |  1709 |   683 |       |       |       ||  3019
       Flail             |       |       |       |       |       |   486 |       |       |       ||   486
       Falchion          |       |       |       |       |       |    47 |       |       |       ||    47
       Morningstar       |       |       |       |       |       |   495 |   499 |       |       ||   994
       Long sword        |       |       |       |       |       |   405 |       |       |       ||   405
       Broad axe         |       |       |       |       |       |       |   935 |  1189 |   839 ||  2963
       Sacred scourge    |       |       |       |       |       |       |       |       |   480 ||   480
       Headbutt          |       |       |       |       |       |       |       |       |   256 ||   256
 Fire: Shortbow          |    23 |       |       |       |       |       |       |       |       ||    23
       Hunting sling     |       |       |       |       |     8 |       |       |       |       ||     8
Throw: Javelin           |       |       |       |       |       |    50 |    11 |       |       ||    61
 Cast: Regeneration      |       |       |       |       |       |       |     4 |     2 |    10 ||    16
       Iron Shot         |       |       |       |       |       |       |       |    21 |    55 ||    76
Invok: Slouch            |       |       |       |     3 |     3 |     9 |     5 |     9 |     7 ||    36
       Bend Time         |       |       |       |       |     2 |     4 |       |       |       ||     6
Evoke: Wand              |       |       |     2 |     3 |     5 |     9 |     5 |     1 |       ||    25
  Use: Scroll            |       |       |     6 |     8 |    21 |     7 |     6 |     8 |    13 ||    69
       Potion            |       |       |       |       |     1 |     2 |     4 |     2 |    11 ||    20
 Stab: Sleeping          |     3 |     2 |     5 |    11 |       |       |       |     1 |     1 ||    23
       Paralysed         |       |       |     2 |       |       |       |       |       |       ||     2
       Distracted        |       |       |       |     1 |       |     3 |     1 |     2 |     6 ||    13
       Petrified         |       |       |       |       |       |     7 |       |       |       ||     7
  Eat: Chunk             |     1 |     5 |    10 |    11 |    11 |     9 |     6 |    10 |     5 ||    68
       Ration            |       |       |       |     3 |     4 |     5 |     4 |     2 |     6 ||    24
Armor: Ring mail         |     7 |       |       |       |       |       |       |       |       ||     7
       Quicksilver drago |    37 |   144 |   243 |   123 |       |       |       |       |       ||   547
       Plate armour      |       |       |       |   250 |   491 |   868 |   473 |   505 |   380 ||  2967
Dodge: Dodged            |    59 |   197 |   273 |   514 |   831 |  1541 |   844 |  1142 |   913 ||  6314
Block: Buckler           |       |       |       |   257 |   573 |   684 |       |       |       ||  1514
       Reflection        |       |       |       |       |     1 |    10 |   111 |   113 |       ||   235
       Shield            |       |       |       |       |       |  1259 |  1373 |  1483 |  1101 ||  5216
       Rpst.: Falchion   |       |       |       |       |       |    10 |       |       |       ||    10
       Long sword        |       |       |       |       |       |    66 |       |       |       ||    66
